 Dungeon Crawl Stone Soup version 0.21-a0-498-g1b60429 (webtiles) character file.

15223892 namelastname112 the Ruinous (level 27, 233/233 (242) HPs)
             Began as a Demonspawn Conjurer on Nov 23, 2017.
             Was the Champion of Dithmenos.
             Escaped with the Orb
             ... and 15 runes on Nov 24, 2017!
             The game lasted 05:50:27 (104091 turns).

namelastname112 the Ruinous (Demonspawn Conjurer) Turns: 104091, Time: 05:50:27

HP:   233/233 (242) AC: 21    Str:  7    XL:     27
MP:   50/50         EV: 28    Int: 45    God:    Dithmenos [******]
Gold: 10235         SH:  8    Dex: 13    Spells: 11/73 levels left

rFire    + + .     SeeInvis .   d - staff of energy
rCold    + + +     Gourm    .   C - +3 buckler {rF+}
rNeg     + + +     Faith    .   G - +0 robe of Beogh's Reproof {rC+ MR+ Int+10 Dex-3}
rPois    ∞         Spirit   .   (helmet unavailable)
rElec    +         Reflect  .   D - +4 dragonskin cloak
rCorr    +         Harm     .   u - +0 pair of gloves "Haworchy" {Int+4}
MR       +++++                  c - +1 pair of boots "Xolaet" {rElec rCorr Str-2}
Stlth    ++++......             Y - amulet of magic regeneration
HPRegen  0.48/turn              b - ring "Qaedesku" {+Blink rPois rC+ MR+ Int+4}
MPRegen  0.57/turn              T - ring "Zuhoor" {rElec rF+ rC++ AC+2}

@: lich-form, wreathed by umbra, studying 2 skills, deflect missiles
A: hooves 1, horns 3, powered by pain 3, spiny 3, augmentation 3
0: Orb of Zot
}: 15/15 runes: decaying, serpentine, slimy, silver, golden, iron, obsidian,
icy, bone, abyssal, demonic, glowing, magical, fiery, dark
a: End Transformation, Shadow Step, Shadow Form, Renounce Religion, Evoke Blink


You escaped.
You worshipped Dithmenos.
Dithmenos was exalted by your worship.
You were not hungry.
You were a lich.
You visited 18 branches of the dungeon, and saw 90 of its levels.
You visited Pandemonium 2 times, and saw 12 of its levels.
You visited the Abyss 3 times.
You visited 1 ziggurat, and saw 16 of its levels.
You also visited: Ossuary, Ice Cave and Desolation.

You collected 13654 gold pieces.
You spent 3419 gold pieces at shops.

Inventory:

Armour
 c - the +1 pair of boots "Xolaet" (worn) {rElec rCorr Str-2}
   (You bought it in a shop on level 9 of the Dungeon)

   It affects your strength (-2).
   It insulates you from electricity.
   It protects you from acid and corrosion.
 u - the +0 pair of gloves "Haworchy" (worn) {Int+4}
   (You found it on level 1 of the Abyss)

   It affects your intelligence (+4).
 y - the +0 pair of fencer's gloves {+Riposte Dex+3}
   (You found it on level 8 of a ziggurat)

   It affects your dexterity (+3).
 C - a +3 buckler of fire resistance (worn)
 D - the +4 dragonskin cloak (worn)
   (You took it off Tiamat on level 1 of the Realm of Zot)
 G - the +0 robe of Beogh's Reproof (worn) {rC+ MR+ Int+10 Dex-3}
   (You found it on level 5 of the Vaults)

   It affects your intelligence (+10).
   It affects your dexterity (-3).
   It protects you from cold.
   It affects your resistance to hostile enchantments.
Magical Staves
 d - an uncursed staff of energy (weapon)
Jewellery
 b - the ring "Qaedesku" (left hand) {+Blink rPois rC+ MR+ Int+4}
   (You took it off a necromancer on level 4 of the Depths)

   [ring of protection from magic]

   It affects your intelligence (+4).
   It protects you from cold.
   It protects you from poison.
   It affects your resistance to hostile enchantments.
   It lets you blink.
 O - an uncursed ring of positive energy
 T - the ring "Zuhoor" (right hand) {rElec rF+ rC++ AC+2}
   (You bought it in a shop on level 2 of the Orcish Mines)

   [ring of protection]

   It affects your AC (+2).
   It protects you from fire.
   It greatly protects you from cold.
   It insulates you from electricity.
 Y - an amulet of magic regeneration (around neck)
Wands
 F - a wand of digging (10)
 S - a wand of iceblast (49)
Scrolls
 e - 25 scrolls of remove curse
 n - 14 scrolls of identify
 p - 11 scrolls of enchant armour
 t - 20 scrolls of enchant weapon
 A - 18 scrolls of amnesia
 K - 7 scrolls of magic mapping
 L - 33 scrolls of teleportation
 N - 4 scrolls of summoning
 X - 7 scrolls of fog
 Z - 9 scrolls of fear
Potions
 g - 10 potions of mutation
 j - 8 potions of resistance
 k - 4 potions of invisibility
 l - 5 potions of agility
 o - 7 potions of heal wounds
 q - 5 potions of cancellation
 s - 8 potions of flight
 v - 10 potions of might
 w - 12 potions of brilliance
 x - 27 potions of curing
 z - 5 potions of haste
 B - 6 potions of ambrosia
 U - 3 potions of magic
Books
 a - a manual of Hexes
 i - a manual of Stealth
Miscellaneous
 h - a figurine of a ziggurat
 m - 6 phantom mirrors
 r - 14 boxes of beasts
 E - a phial of floods
 H - 6 sacks of spiders
 I - a fan of gales
 W - a crystal ball of energy
Comestibles
 f - 21 meat rations
 J - 3 royal jellies
 M - 7 fruits
 R - 12 bread rations


   Skills:
 + Level 25.5 Fighting
 - Level 17.2 Armour
 + Level 24.5 Dodging
 + Level 14.9 Stealth
 - Level 6.0 Shields
 + Level 23.7 Spellcasting
 + Level 25.5 Conjurations
 - Level 17.7 Necromancy
 - Level 15.2 Transmutations
 - Level 23.7 Ice Magic
 - Level 23.2 Air Magic
 + Level 22.4 Evocations


You had 11 spell levels left.
You knew the following spells:

 Your Spells              Type           Power        Failure   Level  Hunger
a - Orb of Destruction    Conj           #########.   0%          7    N/A
b - Regeneration          Chrm/Necr      #########.   1%          3    N/A
c - Necromutation         Tmut/Necr      #########.   2%          8    N/A
d - Airstrike             Air            #########.   0%          4    N/A
e - Apportation           Tloc           ######       1%          1    N/A
f - Tornado               Air            #########.   2%          9    N/A
g - Deflect Missiles      Chrm/Air       ########..   1%          6    N/A
h - Blink                 Tloc           N/A          1%          2    N/A
s - Glaciate              Conj/Ice       #########.   1%          9    N/A
x - Chain Lightning       Conj/Air       #########.   1%          8    N/A
z - Lightning Bolt        Conj/Air       #########.   0%          5    N/A

Dungeon Overview and Level Annotations

Branches:
Dungeon (15/15)            Temple (1/1) D:5            Lair (6/6) D:9
  Swamp (4/4) Lair:2        Snake (4/4) Lair:3        Slime (5/5) Lair:5
    Orc (2/2) D:9             Elf (3/3) Orc:2        Vaults (5/5) D:14
  Crypt (3/3) Vaults:3       Tomb (3/3) Crypt:3      Depths (5/5) D:15
   Hell (1/1)                 Dis (7/7) Hell            Geh (7/7) Hell
    Coc (7/7) Hell            Tar (7/7) Hell            Zot (5/5) Depths:5

Altars:
Ashenzari
Cheibriados
Dithmenos
Elyvilon
Fedhas
Gozag
Hepliaklqana
Kikubaaqudgha
Makhleb
Nemelex Xobeh
Okawaru
Qazlal
Ru
Sif Muna
Trog
Uskayaw
Vehumet
Xom
Yredelemnul
Zin
The Shining One
Beogh
Jiyva

Shops:
D:6 !   D:9 [   D:10 (*(   Orc:2 =*(   Elf:1 :   Vaults:1 (   Vaults:5 [
Depths:1 *   Depths:2 *   Depths:4 *

Portals:
Hell: Depths:1 Depths:2 Depths:3 Depths:4 Depths:5
Abyss: Depths:4
Pandemonium: Depths:3

Annotations:
Elf:2 3 runed doors


Innate Abilities, Weirdness & Mutations

You have a pair of large horns on your head.
You are powered by pain.
You are completely covered in sharp spines.
Your magical and physical power is greatly enhanced at high health.
((When seriously injured, your bleeding wounds create very thick armour. (AC +0)))
You have large cloven feet.


Message History

You regained 2 mp, and now have 43/50 mp.
Your transformation is almost over.
Casting: Glaciate
Confirm with . or Enter, or press ? or * to list all spells.
You feel a surge of power!
You extend your transformation's duration.
You now have 38/50 mp.
There is a stone staircase leading up here.
You climb upwards.
There is a stone staircase leading down here.
You regained 2 mp, and now have 46/50 mp.
MP restored: 50
There is an escape hatch in the floor here.
Evoke which item? (* to show all) (? for menu, Esc to quit)
Aiming: Dig
Press: ? - help, Shift-Dir - straight line The rock shatters into small pieces.
There is a staircase leading out of the dungeon here.
You can't go down here!
You have escaped!

##.####....#
#........# ##.#
###..#
#..####..# ##.#
#..# #..# #..#
...# #..#
##..####..# ####
#..# #.....##..#
#..# #.........#
#..# #.........#
#..###.........#
#.......L..##..#
#..........##..#
#..####.#####..#
#..# #.# #..#
#..# #)# #..#
#..# #.# #..#
#..####.#####..#
#......).......#
#..............#


There were no monsters in sight!

Vanquished Creatures
  Cerebov (Pan)
  Asmodeus (Geh:7)
  Antaeus (Coc:7)
  the Royal Jelly (Slime:5)
  Gloorx Vloq (Pan)
  Ereshkigal (Tar:7)
  Lom Lobon (Pan)
  the Serpent of Hell (Dis:7)
  A seraph (Pan)
  Tiamat (Zot:1)
  Dispater (Dis:7)
  Mnoleg (Pan)
  10 orbs of fire
  Khufu (Crypt:2)
  10 juggernauts
  7 ancient liches
  Boris (Crypt:1)
  Sojobo (Crypt:2)
  24 greater mummies
  Margery (Crypt:3)
  7 shard shrikes
  5 pandemonium lords
  Saint Roka (Vaults:5)
  the Lernaean hydra (Swamp:4)
  Frederick (Vaults:2)
  Vashnia (Snake:2)
  4 Killer Klowns
  3 curse toes (Zot:5)
  Geryon (Hell)
  2 profane servitors
  8 golden dragons
  Jory (Crypt:2)
  Nikola (Depths:1)
  5 doom hounds
  15 bone dragons
  17 Tzitzimimeh
  4 electric golems
  17 Brimstone Fiends
  32 tentacled monstrosities
  5 hellephants
  9 iron giants
  Rupert (D:13)
  27 Orb Guardians
  17 liches
  3 deep elf master archers
  18 Ice Fiends
  13 Hell Sentinels
  2 titans (Vaults:5)
  2 deep elf blademasters (Elf:3)
  23 acid blobs
  28 ancient champions
  Gastronok (Lair:2)
  5 death cobs
  9 sphinxes
  Frances (Snake:1)
  35 tentacled starspawn
  15 quicksilver dragons
  3 thorn hunters
  19 Executioners
  21 shadow dragons
  9 tengu reavers
  10 azure jellies
  19 draconian monks
  6 revenants
  Agnes (Elf:1)
  Roxanne (Snake:4)
  14 storm dragons
  26 fire giants
  16 nagarajas
  6 deep elf sorcerers
  11 daevas
  10 draconian knights
  12 frost giants
  Louise (D:14)
  5 orc warlords
  7 corrupters
  17 vault wardens
  10 ghouls
  9 draconian scorchers
  The ghost of Rhok the Black Belt, a journeyman DsMo of Gozag (Snake:3)
  Aizul (Snake:1)
  2 imperial myrmidons (Desolation)
  2 ghost moths
  7 iron dragons
  5 curse skulls
  36 balrugs
  17 cacodemons
  12 war gargoyles
  6 deep elf elementalists
  23 angels
  18 stone giants
  22 ironheart preservers
  7 spriggan defenders
  8 draconian shifters
  11 draconian stormcallers
  5 elemental wellsprings (Coc:7)
  5 warmongers (Pan)
  38 very ugly things
  15 draconian annihilators
  5 blood saints
  12 ophanim
  53 reapers
  2 bennus (Tomb:2)
  7 deep elf demonologists
  5 apis (Pan)
  Nessos (D:14)
  8 lorocyprocas
  A yellow draconian (shapeshifter) (Zot:4)
  21 deep elf annihilators
  A black sun (Pan)
  17 vampire knights
  A halazid warlock (Desolation)
  25 green draconians
  14 purple draconians
  17 yellow draconians
  20 black draconians
  16 white draconians
  6 dire elephants
  18 red draconians
  13 spark wasps
  A spark wasp (shapeshifter) (Zot:4)
  Snorg (D:10)
  14 ettins
  4 quicksilver dragon zombies
  4 merfolk javelineers (Zig:13)
  7 eidola
  12 blizzard demons
  8 fire dragons
  A minotaur (shapeshifter) (Zot:4)
  11 deep elf death magi
  6 ragged hierophants (Desolation)
  20 yaktaur captains
  12 great orbs of eyes
  22 mummy priests
  Josephine (D:10)
  12 green deaths
  Erolcha (D:10)
  5 death oozes
  4 crystal guardians
  4 quicksilver dragon skeletons
  8 deep elf high priests
  13 servants of whispers (Desolation)
  A kraken zombie (Hell)
  5 jiangshi (Crypt:3)
  4 monstrous demonspawn (Pan)
  17 hydras
  16 rakshasas
  4 hell beasts
  7 spriggan air magi
  33 naga warriors
  5 peacekeepers (Desolation)
  16 centaur warriors
  A ghost crab (Tar:3)
  29 vault guards
  45 two-headed ogres
  19 ogre magi
  23 ice dragons
  2 merfolk avatars
  7 alligators
  An anaconda (shapeshifter) (Elf:2)
  8 death knights
  2 catoblepae (D:14)
  18 dancing weapons
  11 deep troll shamans
  36 hell hogs
  2 satyrs (Zig:13)
  6 anacondas
  60 death scarabs
  9 deep troll earth magi
  Urug (D:14)
  10 vampire magi
  7 storm dragon zombies
  4 spriggan berserkers
  2 tengu warriors
  34 thrashing horrors
  4 orc high priests (Zig:14)
  10 shock serpents
  18 deep elf knights
  22 soul eaters
  42 naga sharpshooters
  7 titan zombies
  40 sun demons
  9 iron golems
  Sonja (D:13)
  4 titan skeletons
  39 hell knights
  2 storm dragon skeletons
  23 shadow wraiths
  A ghost moth zombie (Tar:6)
  8 iron trolls
  28 wretched stars
  15 spatial maelstroms
  6 golden dragon zombies
  100 skeletal warriors
  12 cherubim
  14 shadow demons
  16 sixfirhies
  7 salamander mystics
  A glowing orange brain (shapeshifter) (Depths:4)
  2 unseen horrors (shapeshifter)
  2 spriggan druids
  A quicksilver dragon simulacrum (Zig:15)
  A death drake (shapeshifter) (Vaults:2)
  5 gelid demonspawn (Pan)
  12 glowing orange brains
  A sea snake (Lair:6)
  3 infernal demonspawn
  10 wizards
  4 death drakes
  8 unseen horrors
  28 deep trolls
  15 swamp dragons
  7 naga ritualists
  A deep troll (shapeshifter) (Zig:6)
  8 anaconda zombies
  12 flayed ghosts
  19 deep elf archers
  2 orange crystal statues
  2 golden dragon skeletons
  30 phantasmal warriors
  5 shadow dragon zombies
  2 anaconda skeletons
  3 wolf spider zombies
  18 ironbrand convokers
  A lindwurm (Lair:3)
  A harpy (shapeshifter) (Vaults:1)
  12 orc knights
  5 harpies
  A wolf spider (shapeshifter) (Vaults:5)
  57 deep elf magi
  A mana viper (shapeshifter) (D:12)
  8 wolf spiders
  A shadow dragon skeleton (Geh:7)
  An oklob plant (Lair:5)
  29 necromancers
  5 mana vipers
  4 orc sorcerers
  5 iron dragon zombies
  20 salamanders
  5 frost giant zombies
  A glowing shapeshifter (Vaults:5)
  5 manticores
  2 orb spiders (Zot:4)
  4 stone giant zombies
  57 ugly things
  35 moths of wrath
  An orb spider (shapeshifter) (Elf:2)
  8 cyclopes
  7 fire giant zombies
  13 worldbinders
  2 iron dragon skeletons
  A water nymph (shapeshifter) (Depths:2)
  11 shining eyes
  An elephant (shapeshifter) (Abyss:3)
  3 fauns (Zig:13)
  4 shock serpent zombies
  A human skeleton (Vaults:3)
  4 frost giant skeletons
  5 dire elephant zombies
  17 guardian serpents
  24 naga magi
  9 elephants
  6 apocalypse crabs
  2 fire giant skeletons
  43 rust devils
  30 black mambas
  13 vault sentinels
  6 eyes of devastation
  45 smoke demons
  Psyche (D:10)
  A titan simulacrum (Abyss:3)
  3 gargoyles
  A torpor snail (shapeshifter) (Depths:3)
  4 molten gargoyles
  17 orange demons
  A shock serpent skeleton (Geh:6)
  17 spiny frogs
  8 stone giant skeletons
  32 hellions
  10 demonic crawlers
  4 dire elephant skeletons
  A catoblepas zombie (Geh:7)
  51 yaktaurs
  The ghost of namelastname112 the Conjurer, a novice DsCj (D:4)
  A redback zombie (Crypt:2)
  10 rime drakes
  25 efreet
  A kobold demonologist (Abyss:1)
  A yaktaur (shapeshifter) (Abyss:4)
  An elf skeleton (Depths:1)
  A white draconian zombie (Dis:7)
  10 komodo dragons
  A catoblepas skeleton (Pan)
  41 tormentors
  26 freezing wraiths
  A minotaur zombie (Dis:5)
  48 guardian mummies
  An emperor scorpion zombie (Geh:6)
  A black draconian skeleton (Crypt:3)
  18 hellwings
  26 red devils
  6 hydra zombies
  31 ice devils
  A tengu conjurer (D:15)
  A grey draconian skeleton (Crypt:2)
  7 harpy zombies
  25 ancient zymes
  2 queen bees (shapeshifter)
  A troll (shapeshifter) (Vaults:2)
  A golden dragon simulacrum (Zig:15)
  A silent spectre (Abyss:5)
  4 polar bears (Lair:6)
  20 trolls
  The ghost of hexaflexagon the Cudgeler, an amateur FoMo of Okawaru (Ossuary)
  A meliai (shapeshifter) (Vaults:5)
  A polar bear (shapeshifter) (Depths:1)
  A shadow dragon simulacrum (Zig:15)
  64 saltlings (Desolation)
  8 tyrant leeches
  7 blink frogs
  2 harpy skeletons
  18 hornets
  7 hydra skeletons
  2 wind drakes (Zig:9)
  4 alligator zombies
  Grinder (D:6)
  A stone giant simulacrum (Depths:1)
  2 blink frogs (shapeshifter)
  54 raiju
  A spriggan zombie (Depths:1)
  121 slime creatures
  5 hippogriffs
  8 ettin zombies
  11 bog bodies
  4 ice dragon zombies
  5 fire dragon zombies
  4 alligator skeletons
  86 flying skulls
  A tarantella (shapeshifter) (D:13)
  28 ynoxinuls
  4 ice dragon skeletons
  42 wraiths
  4 fire dragon skeletons
  26 shadows
  4 air elementals
  6 vampires
  20 ushabtiu
  A wyvern (shapeshifter) (Vaults:5)
  19 spriggans
  81 starcursed masses
  4 ettin skeletons
  22 fire elementals
  17 humans (D:14)
  9 fire bats
  A black mamba zombie (Dis:5)
  5 basilisks
  A basilisk (shapeshifter) (Depths:4)
  A yak (shapeshifter) (Vaults:2)
  2 wyverns
  A human (shapeshifter) (D:14)
  24 chaos spawn
  Eustachio (D:5)
  A fire bat (shapeshifter) (Depths:4)
  A golden eye (shapeshifter) (Depths:1)
  8 water elementals
  17 yaks
  A black mamba skeleton (Geh:6)
  19 golden eyes
  2 hogs (shapeshifter)
  13 vampire mosquitoes
  25 neqoxecs
  A steam dragon (Zig:9)
  5 hungry ghosts
  An emperor scorpion simulacrum (Abyss:4)
  28 spatial vortices
  An infernal demonspawn zombie (Crypt:1)
  20 swamp worms
  A warg (shapeshifter) (Vaults:4)
  9 wargs
  87 nagas
  44 hell hounds
  A gelid demonspawn zombie (Tar:6)
  14 insubstantial wisps
  A soldier ant (D:13)
  An acid dragon (D:13)
  2 hydra simulacra
  2 spiny frog zombies
  13 water moccasins
  A deep troll skeleton (Crypt:1)
  103 large abominations
  60 orc warriors
  2 floating eyes (shapeshifter) (Vaults:5)
  4 floating eyes
  9 porcupines
  3 manticore zombies
  4 sky beasts
  2 spiny frog skeletons
  12 swamp drakes
  16 ice beasts
  3 phantoms
  A black bear (Lair:4)
  A fire dragon simulacrum (Hell)
  2 snapping turtle zombies (Dis:5)
  An alligator simulacrum (Coc:1)
  A black mamba simulacrum (Tomb:1)
  57 ogres
  9 eyes of draining
  18 necrophages
  5 boggarts
  A swamp dragon skeleton (Crypt:2)
  A swamp dragon zombie (Geh:4)
  21 centaurs
  4 snapping turtle skeletons
  A crocodile (shapeshifter) (Abyss:3)
  17 crocodiles
  A rime drake zombie (Crypt:3)
  20 bullfrogs
  A big kobold (D:12)
  An octopode zombie (Crypt:1)
  63 small abominations
  A bullfrog (shapeshifter) (Abyss:3)
  An elf simulacrum (Vaults:1)
  2 glowing shapeshifter simulacra
  2 wyvern zombies
  2 earth elementals
  A wyvern skeleton (D:6)
  7 scorpions
  A scorpion (shapeshifter) (Abyss:3)
  2 human simulacra
  A water moccasin skeleton (Crypt:2)
  7 jellies
  A snapping turtle simulacrum (Abyss:3)
  9 killer bees
  3 howler monkeys (shapeshifter)
  A raiju skeleton (Crypt:2)
  10 electric eels
  31 wights
  The ghost of namelastname112 the Conjurer, a weakling DsCj (D:3)
  10 crimson imps
  A howler monkey (D:8)
  2 lava snakes (D:14)
  8 centaur zombies
  2 human zombies
  5 quasits
  A demonspawn zombie (Crypt:1)
  26 orc priests
  5 hounds
  36 iron imps
  32 orc wizards
  A bullfrog skeleton (D:12)
  8 centaur skeletons
  A basilisk skeleton (Crypt:3)
  2 iguanas
  A porcupine zombie (Crypt:1)
  6 worker ants
  A worker ant (shapeshifter) (Abyss:3)
  A killer bee zombie (D:5)
  A dwarf zombie (Crypt:2)
  2 big kobold zombies (Ossuary)
  A naga zombie (Hell)
  A crocodile skeleton (Crypt:2)
  3 hound skeletons
  53 mummies
  2 worker ant zombies
  4 gnolls (D:9)
  A gnoll (shapeshifter) (Abyss:3)
  10 adders
  A river rat (shapeshifter) (Abyss:3)
  14 shadow imps
  14 white imps
  6 ufetubi
  An ooze (shapeshifter) (Abyss:3)
  An ooze (D:3)
  An adder skeleton (Crypt:2)
  An iguana skeleton (Crypt:1)
  3 worms
  A ball lightning (Pan)
  6 dart slugs
  3 leopard geckos
  A leopard gecko (shapeshifter) (Abyss:3)
  117 orcs
  3 spectral bats (Abyss:3)
  2 ball pythons
  17 bats
  4 giant cockroaches
  9 goblins
  15 hobgoblins
  A hobgoblin (shapeshifter) (Abyss:3)
  9 jackals
  6 quokkas
  A bat simulacrum (Abyss:3)
  5 frilled lizards
  A goblin skeleton (Crypt:1)
  A hobgoblin skeleton (Crypt:1)
  4 hobgoblin zombies (Ossuary)
  13 kobolds
  A kobold zombie (Hell)
  A leopard gecko skeleton (D:4)
  2 orc skeletons
  A quokka skeleton (Crypt:3)
  7 rats
  A rat skeleton (Crypt:3)
  104 blocks of ice
  11 bushes (Abyss:2)
  A butterfly (Zot:4)
  2 crawling corpses
  18 demonic plants (Abyss:2)
  15 fire vortices
  3 fungi
  9 lurking horrors
  4 plants
  35 starspawn tentacles
  2 tentacles (Hell)
  8 withered plants (Crypt:3)
5673 creatures vanquished.

Vanquished Creatures (collateral kills)
  A spiny frog (Lair:3)
  A saltling (Desolation)
  A naga (Lair:3)
3 creatures vanquished.

Vanquished Creatures (others)
  A deep elf master archer (Elf:3)
  4 eldritch tentacles
  A revenant (Tomb:2)
  An iron dragon (Depths:4)
  2 stone giants (Depths:2)
  A spark wasp (Depths:4)
  A green death (Pan)
  An ettin (Depths:2)
  A centaur warrior (D:13)
  40 death scarabs
  A two-headed ogre (Vaults:1)
  A naga sharpshooter (Snake:1)
  A thrashing horror (Zig:16)
  2 deep elf knights
  A wizard (Pan)
  A deep elf mage (Elf:2)
  A guardian serpent (Snake:4)
  A rust devil (Dis:7)
  2 smoke demons (Pan)
  A rime drake (Zig:15)
  5 yaktaurs
  A hydra zombie (Dis:5)
  A tengu conjurer (Depths:4)
  A small abomination (Abyss:3)
  4 flying skulls (Tomb:2)
  A fire giant simulacrum (Abyss:5)
  2 air elementals
  A black mamba zombie (Abyss:3)
  A ynoxinul (Pan)
  A wraith (Dis:2)
  A chaos spawn (Abyss:4)
  A hell hound (Tar:6)
  An orc warrior (Orc:1)
  2 ice beasts (D:11)
  2 centaurs (D:13)
  An iron imp (Dis:5)
  A naga zombie (Dis:5)
  13 ball lightnings
  An orc (D:11)
  A bat simulacrum (Abyss:3)
  339 blocks of ice
  13 fungi
  A lurking horror (Abyss:1)
  5 plants
  38 starspawn tentacles
  2 tentacles (Hell)
505 creatures vanquished.

Grand Total: 6181 creatures vanquished

Notes
Turn   | Place    | Note
-------+----------+-------------------------------------------
     0 | D:1      | namelastname112 the Demonspawn Conjurer began the quest for the Orb.
     0 | D:1      | Reached XP level 1. HP: 13/13 MP: 3/3
   382 | D:1      | Gained mutation: You have a pair of small horns on your head. [demonic ancestry]
   382 | D:1      | Reached XP level 2. HP: 16/19 MP: 1/5
   401 | D:1      | Learned a level 2 spell: Searing Ray
  1076 | D:1      | Reached XP level 3. HP: 24/24 MP: 0/7
  2272 | D:2      | Gained mutation: You sometimes gain a little power by taking damage. [demonic ancestry]
  2272 | D:2      | Reached XP level 4. HP: 27/30 MP: 1/8
  2658 | D:2      | Reached skill level 5 in Conjurations
  3000 | D:3      | Noticed namelastname112's ghost (weakling DsCj)
  3007 | D:3      | Killed namelastname112's ghost
  3007 | D:3      | Gained mutation: You sometimes gain power by taking damage. [demonic ancestry]
  3007 | D:3      | Reached XP level 5. HP: 26/35 MP: 4/10
  3220 | D:3      | Found an opulent altar of Gozag.
  3695 | D:3      | Learned a level 4 spell: Iskenderun's Mystic Blast
  3965 | D:4      | Noticed namelastname112's ghost (novice DsCj)
  4546 | D:4      | Killed namelastname112's ghost
  4546 | D:4      | Reached skill level 5 in Spellcasting
  4546 | D:4      | Gained mutation: When seriously injured, your bleeding wounds create armour. (AC +0) [demonic ancestry]
  4546 | D:4      | Reached XP level 6. HP: 12/41 MP: 2/13
  4844 | D:4      | Reached XP level 7. HP: 46/46 MP: 6/14
  5370 | D:5      | Entered Level 5 of the Dungeon
  5624 | D:5      | Found a sacrificial altar of Ru.
  5804 | D:5      | Gained mutation: Your magical capacity is low. (-10% MP) [mutagenic meat]
  5856 | D:5      | Noticed Eustachio
  5865 | D:5      | Killed Eustachio
  5865 | D:5      | Reached XP level 8. HP: 34/52 MP: 3/15
  5917 | D:5      | Found a staircase to the Ecumenical Temple.
  5940 | Temple   | Entered the Ecumenical Temple
  6954 | D:6      | Found an iron altar of Okawaru.
  6977 | D:6      | Noticed Grinder
  6982 | D:6      | Paralysed by Grinder for 7 turns
  7140 | D:6      | Paralysed by Grinder for 2 turns
  7373 | D:6      | Gained mutation: Your magical capacity is very low. (-20% MP) [mutagenic meat]
  7374 | D:6      | Gained mutation: Your magical capacity is extremely low. (-30% MP) [mutagenic meat]
  7375 | D:6      | Lost mutation: Your magical capacity is extremely low. (-30% MP) [mutagenic meat]
  7458 | D:6      | Found a blossoming altar of Fedhas.
  7709 | D:6      | Found Yrosash's Distillery.
  7717 | D:6      | Bought a potion of mutation for 104 gold pieces
  7717 | D:6      | Lost mutation: Your magical capacity is very low. (-20% MP) [potion of mutation]
  7717 | D:6      | Lost mutation: Your magical capacity is low. (-10% MP) [potion of mutation]
  7717 | D:6      | Gained mutation: Your body sometimes deteriorates upon taking damage. [potion of mutation]
  7717 | D:6      | Gained mutation: You have a pair of horns on your head. [potion of mutation]
  7717 | D:6      | Gained mutation: You tend to lose your temper in combat. [potion of mutation]
  7717 | D:6      | Gained mutation: You have supernaturally acute eyesight. (SInv) [potion of mutation]
  7718 | D:6      | Lost mutation: You have a pair of horns on your head. [potion of mutation]
  7718 | D:6      | Lost mutation: Your body sometimes deteriorates upon taking damage. [potion of mutation]
  7718 | D:6      | Lost mutation: You tend to lose your temper in combat. [potion of mutation]
  7718 | D:6      | Gained mutation: Your muscles are strong. (Str +2) [potion of mutation]
  7718 | D:6      | Gained mutation: Your natural rate of healing is unusually fast. [potion of mutation]
  7784 | D:6      | Killed Grinder
  7968 | D:6      | Found an ancient bone altar of Kikubaaqudgha.
  8079 | D:6      | Found a shadowy altar of Dithmenos.
  8079 | D:6      | Found a radiant altar of Vehumet.
  8085 | D:6      | Reached XP level 9. HP: 54/57 MP: 15/20
  8096 | D:6      | Became a worshipper of Dithmenos the Shadowed
  8611 | D:7      | Reached skill level 1 in Fighting
  8810 | D:8      | Noticed a two-headed ogre
  9020 | D:8      | Killed a two-headed ogre
  9158 | D:8      | Reached skill level 10 in Conjurations
  9230 | D:8      | Noticed a deep elf mage
  9242 | D:8      | Found a sand-covered staircase.
  9251 | Ossuary  | Entered an ossuary
  9259 | Ossuary  | Noticed hexaflexagon's ghost (amateur FoMo)
  9313 | Ossuary  | Reached * piety under Dithmenos
  9388 | Ossuary  | Was placed under penance by Dithmenos
  9392 | Ossuary  | Killed hexaflexagon's ghost
  9741 | Ossuary  | Was forgiven by Dithmenos
  9853 | D:8      | Reached XP level 10. HP: 71/71 MP: 13/22
  9873 | D:8      | Killed a deep elf mage
 10186 | D:8      | Learned a level 5 spell: Lightning Bolt
 10384 | D:9      | Found a staircase to the Orcish Mines.
 10384 | D:9      | Found Oray's Armour Boutique.
 10665 | D:9      | Found a staircase to the Lair.
 10693 | D:9      | Reached skill level 1 in Air Magic
 11187 | D:9      | Found a deep blue altar of Sif Muna.
 11298 | D:10     | Entered Level 10 of the Dungeon
 11504 | D:10     | Reached skill level 5 in Dodging
 11519 | D:10     | Reached skill level 5 in Fighting
 11794 | D:10     | Reached ** piety under Dithmenos
 11796 | D:10     | Noticed Josephine
 11811 | D:10     | Killed Josephine
 11876 | D:10     | Gained mutation: You are partially covered in sharp spines. [demonic ancestry]
 11876 | D:10     | Reached XP level 11. HP: 76/80 MP: 12/24
 11947 | D:10     | Noticed Snorg
 11958 | D:10     | Killed Snorg
 12039 | D:10     | Noticed Erolcha
 12087 | D:10     | Killed Erolcha
 12124 | D:10     | Noticed Psyche
 12127 | D:10     | Killed Psyche
 12743 | D:10     | Reached skill level 10 in Spellcasting
 12904 | D:10     | Noticed a two-headed ogre
 12926 | D:10     | Killed a two-headed ogre
 13062 | D:10     | Found Dedu's Antique Weapon Boutique.
 13080 | D:10     | Found Foineuw's General Store.
 13231 | D:10     | Found Qijess's Weapon Boutique.
 13368 | D:10     | You fall through a shaft for 2 floors!
 13396 | D:12     | Noticed a white ugly thing
 13399 | D:12     | Noticed a deep elf knight
 13417 | D:12     | Noticed a wolf spider
 13421 | D:12     | Killed a white ugly thing
 13423 | D:12     | Killed a deep elf knight
 13424 | D:12     | Killed a wolf spider
 13424 | D:12     | Reached *** piety under Dithmenos
 13582 | D:12     | Noticed a rakshasa
 14019 | D:12     | Noticed a centaur warrior
 14028 | D:12     | Killed a centaur warrior
 14028 | D:12     | Reached skill level 5 in Air Magic
 14313 | D:11     | Got a silken robe
 14324 | D:11     | Identified the cursed +0 robe "Suotu" {-Cast rN+ Int+4 Dex+6} (You found it on level 11 of the Dungeon)
 14358 | D:11     | Found a roughly hewn altar of Beogh.
 14368 | D:11     | Gained mutation: You have a pair of horns on your head. [demonic ancestry]
 14368 | D:11     | Reached XP level 12. HP: 86/91 MP: 10/26
 14380 | D:11     | Reached **** piety under Dithmenos
 14446 | D:11     | Found a frozen archway.
 14496 | IceCv    | Entered an ice cave
 14632 | IceCv    | Found a transporter.
 14642 | IceCv    | Got an ivory mace
 14644 | IceCv    | Identified the +4 mace of Prudence {venom, Int+3 Dex+3} (You found it in an ice cave)
 14789 | D:11     | Learned a level 4 spell: Airstrike
 15099 | D:11     | Noticed a two-headed ogre
 15104 | D:11     | Killed a two-headed ogre
 15566 | D:12     | Killed a rakshasa
 15964 | D:12     | Reached skill level 1 in Shields
 16676 | Lair:1   | Entered Level 1 of the Lair of Beasts
 16744 | D:9      | Bought the +1 pair of boots "Xolaet" {rElec rCorr Str-2} for 373 gold pieces
 17011 | Lair:1   | Reached ***** piety under Dithmenos
 17219 | Lair:1   | Noticed a seven-headed hydra
 17223 | Lair:1   | Killed a seven-headed hydra
 17517 | Lair:1   | Reached XP level 13. HP: 100/100 MP: 22/28
 18014 | Lair:2   | Noticed Gastronok
 18030 | Lair:2   | Killed Gastronok
 18891 | Lair:2   | Found a staircase to the Swamp.
 19351 | Lair:3   | Found a staircase to the Snake Pit.
 19929 | Lair:4   | Reached skill level 5 in Shields
 20374 | Lair:4   | Reached skill level 10 in Fighting
 21095 | Lair:5   | Found a staircase to the Slime Pits.
 21095 | Lair:5   | Found a viscous altar of Jiyva.
 21577 | Lair:6   | Entered Level 6 of the Lair of Beasts
 21883 | Lair:6   | Noticed a dire elephant
 21889 | Lair:6   | Killed a dire elephant
 21889 | Lair:6   | Reached ****** piety under Dithmenos
 22123 | Lair:6   | Reached XP level 14. HP: 111/111 MP: 5/29
 23706 | Orc:1    | Entered Level 1 of the Orcish Mines
 23720 | Orc:1    | Noticed a stone giant
 23844 | Orc:1    | Killed a stone giant
 24098 | Orc:1    | Learned a level 3 spell: Static Discharge
 24185 | Orc:1    | Found a roughly hewn altar of Beogh.
 24418 | Orc:2    | Entered Level 2 of the Orcish Mines
 25127 | Orc:2    | Reached skill level 10 in Dodging
 25245 | Orc:2    | Found Jetyfi's Antique Weapon Boutique.
 25289 | Orc:2    | Found Istunic's General Store.
 25294 | Orc:2    | Found Qecakap's Jewellery Shop.
 25295 | Orc:2    | Found Vepritso's Food Shop.
 25309 | Orc:2    | Bought the ring "Zuhoor" {rElec rF+ rC++ AC+2} for 679 gold pieces
 25484 | Orc:2    | Found a staircase to the Elven Halls.
 25972 | D:13     | Noticed Sonja
 25973 | D:13     | Killed Sonja
 25975 | D:13     | Noticed Rupert
 25981 | D:13     | Paralysed by Rupert for 3 turns
 26242 | D:13     | Killed Rupert
 26242 | D:13     | Gained mutation: You are powered by pain. [demonic ancestry]
 26242 | D:13     | Reached XP level 15. HP: 122/122 MP: 2/31
 27150 | D:14     | Noticed Nessos
 27154 | D:14     | Killed Nessos
 27261 | D:14     | Noticed Louise
 27270 | D:14     | Killed Louise
 27963 | D:14     | Noticed Urug
 27964 | D:14     | Killed Urug
 28224 | D:14     | Found a gate to the Vaults.
 28658 | D:15     | Entered Level 15 of the Dungeon
 28851 | D:15     | Reached skill level 10 in Air Magic
 29377 | D:15     | Found a staircase to the Depths.
 29687 | Elf:1    | Entered Level 1 of the Elven Halls
 29872 | Elf:1    | Found Peisacsa's Book Shoppe.
 29884 | Elf:1    | Bought a book of Power for 720 gold pieces
 29892 | Elf:1    | Learned a level 7 spell: Orb of Destruction
 29898 | Elf:1    | Learned a level 5 spell: Iskenderun's Battlesphere
 29913 | Elf:1    | Noticed Agnes
 29916 | Elf:1    | Killed Agnes
 29927 | Elf:1    | Learned a level 3 spell: Regeneration
 30146 | Elf:1    | Gained mutation: When seriously injured, your bleeding wounds create thick armour. (AC +0) [demonic ancestry]
 30146 | Elf:1    | Reached XP level 16. HP: 133/133 MP: 24/33
 30736 | Elf:1    | Found a deep blue altar of Sif Muna.
 30952 | Elf:2    | Found a ruined gateway.
 30956 | Desolati | Entered the Desolation of Salt
 31548 | Desolati | Reached skill level 15 in Conjurations
 31865 | Desolati | Identified the Handbook of Ice and Earth
 32124 | Desolati | Reached skill level 15 in Fighting
 32443 | Desolati | Got a smoking hand axe
 32869 | Desolati | Reached XP level 17. HP: 142/142 MP: 9/34
 33199 | Desolati | Identified Sif Muna's Collected Works on Changing
 33205 | Desolati | Got a faintly humming ring mail
 33210 | Desolati | Identified the +5 ring mail of Kumn {rPois Int+3 Slay+2} (You found it in the Desolation of Salt)
 33213 | Desolati | Identified the +6 hand axe of Darkness {drain, Int+4} (You found it in the Desolation of Salt)
 34010 | Elf:2    | Found a runed gate.
 34012 | Elf:2    | Found a runed gate.
 34015 | Elf:2    | Found a runed gate.
 34168 | Elf:3    | Entered Level 3 of the Elven Halls
 35000 | Elf:3    | Noticed a deep elf blademaster
 35153 | Elf:3    | Got a transparent quick blade {pierce}
 35166 | Elf:3    | Noticed a deep elf blademaster
 35169 | Elf:3    | Noticed a deep elf master archer
 35169 | Elf:3    | Killed a deep elf blademaster
 35180 | Elf:3    | Killed a deep elf master archer
 35511 | Elf:3    | Killed a deep elf blademaster
 36058 | Elf:3    | Gained mutation: You are mostly covered in sharp spines. [demonic ancestry]
 36058 | Elf:3    | Reached XP level 18. HP: 151/151 MP: 30/36
 36252 | Elf:3    | Identified the cursed +3 quick blade of the Eternal Warrior {pierce, rN+} (You took it off a deep elf annihilator on level 3 of the Elven Halls)
 36277 | Elf:3    | Got a scorched mace {pain}
 36602 | Elf:3    | Got a crude golden ring
 36618 | Elf:3    | Identified the ring "Finim" {AC+1 Dex+10} (You took it off a deep elf death mage on level 3 of the Elven Halls)
 36722 | Elf:3    | Identified the +8 mace of Athruxut {pain, rPois MR+ Str+2} (You took it off a deep elf sorcerer on level 3 of the Elven Halls)
 36775 | Elf:3    | Identified the Compendium of the Dislocated Rocks
 36779 | Elf:3    | Learned a level 1 spell: Apportation
 36791 | Elf:3    | Identified the Disquisition on the Assistive Glacier
 36800 | Elf:3    | Learned a level 6 spell: Deflect Missiles
 36838 | Elf:3    | Identified the Collected Works on Stones and Envenoming
 37351 | Snake:1  | Entered Level 1 of the Snake Pit
 37644 | Snake:1  | Noticed Frances
 37809 | Snake:1  | Killed Frances
 37884 | Snake:1  | Noticed Aizul
 37906 | Snake:1  | Killed Aizul
 39042 | Snake:2  | Reached skill level 15 in Spellcasting
 39420 | Snake:1  | Learned a level 8 spell: Chain Lightning
 39962 | Snake:2  | Noticed Vashnia
 39977 | Snake:2  | Killed Vashnia
 40328 | Snake:3  | Noticed Rhok's ghost (journeyman DsMo)
 40503 | Snake:3  | Killed Rhok's ghost
 41747 | Snake:3  | Gained mutation: When seriously injured, your bleeding wounds create very thick armour. (AC +0) [demonic ancestry]
 41747 | Snake:3  | Reached XP level 19. HP: 159/159 MP: 22/38
 42065 | Snake:4  | Entered Level 4 of the Snake Pit
 44975 | Snake:4  | Got a clouded steel ring
 46541 | Snake:4  | Identified the ring of Voxkaol {Ice Int+4} (You took it off a naga on level 4 of the Snake Pit)
 47318 | Snake:4  | Noticed Roxanne
 47461 | Snake:4  | Killed Roxanne
 47609 | Snake:4  | Found a sacrificial altar of Ru.
 47851 | Snake:4  | Gained mutation: You have a pair of large horns on your head. [demonic ancestry]
 47851 | Snake:4  | Reached XP level 20. HP: 168/168 MP: 22/39
 48148 | Snake:4  | Got a serpentine rune of Zot
 48794 | Orc:2    | Bought a bread ration for 50 gold pieces
 48794 | Orc:2    | Bought a bread ration for 50 gold pieces
 48794 | Orc:2    | Bought a bread ration for 50 gold pieces
 48794 | Orc:2    | Bought 4 fruits for 60 gold pieces
 48794 | Orc:2    | Bought a meat ration for 50 gold pieces
 48794 | Orc:2    | Bought a meat ration for 50 gold pieces
 48794 | Orc:2    | Bought a meat ration for 50 gold pieces
 48794 | Orc:2    | Bought a bread ration for 50 gold pieces
 48794 | Orc:2    | Bought a meat ration for 50 gold pieces
 48794 | Orc:2    | Bought a meat ration for 50 gold pieces
 48794 | Orc:2    | Bought 3 fruits for 45 gold pieces
 48984 | Vaults:1 | Entered Level 1 of the Vaults
 49849 | Vaults:1 | Found Ezenus's Weapon Emporium.
 49953 | Vaults:1 | Reached skill level 15 in Air Magic
 50942 | Vaults:2 | Noticed Frederick
 50943 | Vaults:2 | Cast into level 3 of the Abyss (a deep elf demonologist)
 50972 | Abyss:3  | Found a corrupted altar of Lugonu.
 51403 | Vaults:2 | Escaped the Abyss
 51448 | Vaults:2 | Killed Frederick
 51768 | Vaults:2 | Got a shimmering granite ring
 52029 | Vaults:2 | Identified the ring of the Endless Expanse {rC+ Str+2} (You took it off a centaur warrior on level 2 of the Vaults)
 52193 | Vaults:2 | Reached XP level 21. HP: 87/176 MP: 4/41
 53284 | Vaults:3 | Found a staircase to the Crypt.
 53284 | Vaults:3 | Found a basalt altar of Yredelemnul.
 53293 | Vaults:3 | Found an ancient bone altar of Kikubaaqudgha.
 53356 | Vaults:3 | Reached skill level 1 in Evocations
 53983 | Vaults:3 | Got a heavily runed hat
 53984 | Vaults:3 | Identified the cursed +0 hat "Seitugank" {rElec Str-5 Int+3 Stlth+} (You found it on level 3 of the Vaults)
 55493 | Vaults:4 | Reached skill level 5 in Evocations
 57805 | Swamp:1  | Entered Level 1 of the Swamp
 58024 | Swamp:1  | Reached XP level 22. HP: 179/179 MP: 21/42
 58690 | Swamp:2  | Learned a level 9 spell: Tornado
 60133 | Swamp:4  | Entered Level 4 of the Swamp
 60631 | Swamp:4  | Noticed the 27-headed Lernaean hydra
 60633 | Swamp:4  | Killed the 27-headed Lernaean hydra
 61826 | Swamp:4  | Got a decaying rune of Zot
 62228 | Depths:1 | Entered Level 1 of the Depths
 62437 | Depths:1 | Found Irchej's Incredible Inventory.
 62451 | Depths:1 | Noticed Nikola
 62453 | Depths:1 | Killed Nikola
 63507 | Depths:1 | Found a gateway to Hell.
 63660 | Depths:2 | Reached skill level 10 in Evocations
 63767 | Depths:2 | Found a gateway to a ziggurat.
 63768 | Depths:2 | Noticed an ancient lich
 63779 | Depths:2 | Killed an ancient lich
 64529 | Depths:2 | Found Usas's General Store.
 64534 | Depths:2 | Bought a scroll of acquirement for 988 gold pieces
 65108 | Depths:3 | Gained mutation: Your magical and physical power is slightly enhanced at high health. [demonic ancestry]
 65108 | Depths:3 | Reached XP level 23. HP: 185/185 MP: 5/43
 65975 | Depths:3 | Found a one-way gate leading to the halls of Pandemonium.
 67295 | Depths:4 | Noticed a juggernaut
 67300 | Depths:4 | Killed a juggernaut
 67839 | Depths:4 | Noticed a juggernaut
 67844 | Depths:4 | Killed a juggernaut
 67844 | Depths:4 | Gained mutation: Your magical and physical power is enhanced at high health. [demonic ancestry]
 67844 | Depths:4 | Reached XP level 24. HP: 188/193 MP: 27/43
 67966 | Depths:4 | Found a one-way gate to the infinite horrors of the Abyss.
 67968 | Depths:4 | Got a crude brass ring
 67978 | Depths:4 | Identified the ring of Cyguuz {rCorr Str+3} (You took it off a spriggan air mage on level 4 of the Depths)
 67985 | Depths:4 | Got a ripped robe
 67986 | Depths:4 | Identified the cursed -5 robe of Misfortune {-Cast *Contam *Tele *Drain EV-5 Stlth-- *Curse} (You took it off a spriggan on level 4 of the Depths)
 68076 | Depths:4 | Found Modiohum's Serpentskin Sales.
 68112 | Depths:4 | Found a sparkling altar of Nemelex Xobeh.
 68267 | Depths:4 | Noticed a juggernaut
 68268 | Depths:4 | Killed a juggernaut
 68268 | Depths:4 | Reached skill level 15 in Dodging
 68321 | Depths:4 | Got a warped lead ring
 68324 | Depths:4 | Identified the ring "Qaedesku" {+Blink rPois rC+ MR+ Int+4} (You took it off a necromancer on level 4 of the Depths)
 68693 | Depths:5 | Entered Level 5 of the Depths
 69171 | Depths:5 | Found a gate to the Realm of Zot.
 70159 | Vaults:5 | Entered Level 5 of the Vaults
 70159 | Vaults:5 | Noticed Saint Roka
 70163 | Vaults:5 | Killed Saint Roka
 70487 | Vaults:5 | Reached XP level 25. HP: 183/201 MP: 18/43
 71161 | Vaults:5 | Got a clouded iron amulet
 71186 | Vaults:5 | Identified the amulet of Asaquis {+Rage rElec rPois rF- Int+4} (You took it off an ironheart preserver on level 5 of the Vaults)
 71357 | Vaults:5 | Learned a level 2 spell: Blink
 71593 | Vaults:5 | Got a faintly glowing robe
 71594 | Vaults:5 | Identified the +0 robe of Beogh's Reproof {rC+ MR+ Int+10 Dex-3} (You found it on level 5 of the Vaults)
 71716 | Vaults:5 | Found the +7 longbow "Piercer" {penet, EV-2}
 71872 | Vaults:5 | Got a silver rune of Zot
 72090 | Vaults:5 | Found Mynlisoj's Antique Armour Boutique.
 72456 | Depths:1 | Learned a level 8 spell: Necromutation
 72651 | Crypt:1  | Entered Level 1 of the Crypt
 72677 | Crypt:1  | Reached skill level 1 in Necromancy
 72677 | Crypt:1  | Reached skill level 1 in Transmutations
 73120 | Crypt:1  | Noticed Boris
 73127 | Crypt:1  | Killed Boris
 73303 | Crypt:2  | Reached skill level 5 in Necromancy
 73307 | Crypt:2  | Noticed Sojobo
 73319 | Crypt:2  | Killed Sojobo
 73319 | Crypt:2  | Reached skill level 5 in Transmutations
 73716 | Crypt:2  | Noticed Jory
 73719 | Crypt:2  | Gained mutation: You are completely covered in sharp spines. [demonic ancestry]
 73719 | Crypt:2  | Reached XP level 26. HP: 203/209 MP: 17/44
 73723 | Crypt:2  | Killed Jory
 73778 | Crypt:2  | Noticed Khufu
 73778 | Crypt:2  | Noticed a greater mummy
 73783 | Crypt:2  | Killed a greater mummy
 73795 | Crypt:2  | HP: 10/213 [Khufu/divine providence (10)]
 73801 | Crypt:2  | Killed Khufu
 74315 | Crypt:3  | Entered Level 3 of the Crypt
 74671 | Crypt:3  | Noticed Margery
 74677 | Crypt:3  | Killed Margery
 74686 | Crypt:3  | Found a staircase to the Tomb.
 74829 | Crypt:3  | Reached skill level 10 in Necromancy
 75354 | Crypt:3  | Found a basalt altar of Yredelemnul.
 75360 | Crypt:3  | Found an ancient bone altar of Kikubaaqudgha.
 75391 | Crypt:3  | Identified Junwuhuz's Tome of Unholy Arts
 76064 | Slime:1  | Entered Level 1 of the Pits of Slime
 76096 | Slime:2  | p0werm0de: https://www.youtube.com/watch?v=3nJM33Tt4UQ
 76128 | Slime:3  | Reached skill level 10 in Transmutations
 76160 | Slime:3  | namelastname112: sup
 76272 | Slime:3  | p0werm0de: y0
 76346 | Slime:4  | Gained mutation: Your body sometimes deteriorates upon taking damage. [a shining eye]
 76452 | Slime:5  | Entered Level 5 of the Pits of Slime
 76468 | Slime:5  | Noticed the Royal Jelly
 76478 | Slime:5  | Killed the Royal Jelly
 76597 | Slime:4  | Gained mutation: Your magical and physical power is greatly enhanced at high health. [demonic ancestry]
 76597 | Slime:4  | Reached XP level 27. HP: 205/220 MP: 24/44
 76707 | Slime:5  | Identified the Tome of the Trees
 76730 | Slime:5  | Got a glittering copper ring
 76731 | Slime:5  | Identified the ring of Kabup {rF+ Stlth+} (You found it on level 5 of the Pits of Slime)
 76776 | Slime:5  | Identified the Disquisition on Bewitchment
 76781 | Slime:5  | Identified the Catalogue of the Igneous Mountains
 76812 | Slime:5  | Got a slimy rune of Zot
 76857 | Slime:4  | jacquesderrida: Намир
 76863 | Slime:4  | jacquesderrida: Живой.
 76875 | Slime:3  | namelastname112: а то
 76930 | Lair:5   | jacquesderrida: ну че намир как жэтуха
 77197 | Depths:1 | namelastname112: нормас
 77209 | Depths:2 | jacquesderrida: Нойс
 77209 | Depths:2 | jacquesderrida: Жэвой
 77258 | Zig:1    | Entered Level 1 of a ziggurat
 77406 | Zig:2    | Entered Level 2 of a ziggurat
 77428 | Zig:3    | Entered Level 3 of a ziggurat
 77472 | Zig:4    | Entered Level 4 of a ziggurat
 77537 | Zig:5    | Entered Level 5 of a ziggurat
 77550 | Zig:5    | Noticed Afoah the pandemonium lord
 77556 | Zig:5    | Killed Afoah the pandemonium lord
 77584 | Zig:6    | Entered Level 6 of a ziggurat
 77600 | Zig:6    | Rhok: m cool tile
 77630 | Zig:6    | namelastname112: what, lich?
 77637 | Zig:7    | Entered Level 7 of a ziggurat
 77681 | Zig:8    | Entered Level 8 of a ziggurat
 77687 | Zig:8    | Noticed an ancient lich
 77688 | Zig:8    | Noticed an ancient lich
 77692 | Zig:8    | Killed an ancient lich
 77692 | Zig:8    | Reached skill level 15 in Necromancy
 77700 | Zig:8    | Killed an ancient lich
 77715 | Zig:8    | Found the +0 pair of fencer's gloves {+Riposte Dex+3}
 77735 | Zig:8    | Identified the Collected Works on Lightness
 77764 | Zig:9    | Entered Level 9 of a ziggurat
 77823 | Zig:10   | Entered Level 10 of a ziggurat
 77872 | Zig:10   | Got a vibrating tin amulet
 77873 | Zig:10   | Identified the amulet of Dearanuk {Reflect rPois rF+ MR- Dex+2 SH+2} (You found it on level 10 of a ziggurat)
 77876 | Zig:10   | Got a flickering brass ring
 77877 | Zig:10   | Identified the ring "Pebar" {MR+ MP+9 Str+4 Int+2} (You found it on level 10 of a ziggurat)
 77891 | Zig:11   | Entered Level 11 of a ziggurat
 77902 | Zig:11   | Noticed an ancient lich
 77903 | Zig:11   | Noticed an ancient lich
 77909 | Zig:11   | Found the ring of the Mage {Wiz MR++ Int+3}
 77909 | Zig:11   | Killed an ancient lich
 77910 | Zig:11   | Killed an ancient lich
 77971 | Zig:12   | Entered Level 12 of a ziggurat
 77978 | Zig:12   | Noticed a juggernaut
 77979 | Zig:12   | Noticed a juggernaut
 77980 | Zig:12   | Noticed a juggernaut
 77980 | Zig:12   | Noticed a juggernaut
 77987 | Zig:12   | Killed a juggernaut
 77990 | Zig:12   | Killed a juggernaut
 77990 | Zig:12   | Killed a juggernaut
 77990 | Zig:12   | Killed a juggernaut
 78040 | Zig:12   | Identified the Compendium of Poison and the Birds
 78194 | Zig:13   | Entered Level 13 of a ziggurat
 78221 | Zig:13   | HP: 9/222 [merfolk javelineer/javelin of penetration (30)]
 78350 | Zig:13   | Rhok: ye
 78397 | Zig:14   | Entered Level 14 of a ziggurat
 78413 | Zig:14   | Noticed a juggernaut
 78416 | Zig:14   | Noticed a juggernaut
 78416 | Zig:14   | Noticed a juggernaut
 78418 | Zig:14   | Killed a juggernaut
 78426 | Zig:14   | Killed a juggernaut
 78426 | Zig:14   | Killed a juggernaut
 78537 | Zig:14   | Identified Vehumet's Guide on Confrontation
 78545 | Zig:14   | Identified the Collected Works on Envenoming and Black Rituals
 78553 | Zig:14   | Got a scorched lapis lazuli ring
 78554 | Zig:14   | Identified the ring of the Middle {rPois rF- Dex+4 Stlth-} (You found it on level 14 of a ziggurat)
 78557 | Zig:14   | Got a smoking shield
 78558 | Zig:14   | Identified the cursed -6 shield of Distant Shores {*Contam rPois rC+ Slay+2} (You found it on level 14 of a ziggurat)
 78567 | Zig:14   | Identified the Almanac of Darkness
 78591 | Zig:15   | Entered Level 15 of a ziggurat
 78722 | Zig:15   | Reached skill level 15 in Transmutations
 78726 | Zig:15   | Got a serpentine sapphire amulet
 78727 | Zig:15   | Identified the amulet "Fainuel" {Gourm -Tele +Fly MR+} (You found it on level 15 of a ziggurat)
 78764 | Zig:16   | Entered Level 16 of a ziggurat
 78791 | Zig:16   | Paralysed by accursed screaming for 2 turns
 78856 | Zig:16   | Got a bound brass ring
 78857 | Zig:16   | Identified the ring of Dauweaw {rN++ Stlth+} (You found it on level 16 of a ziggurat)
 78865 | Zig:16   | Got a scintillating marble ring
 78866 | Zig:16   | Identified the ring "Gufrych" {Fire Str+2 Dex+3} (You found it on level 16 of a ziggurat)
 78877 | Zig:16   | Identified the Almanac of Flying Hexes
 78989 | Depths:1 | Learned a level 9 spell: Glaciate
 79090 | Zot:1    | Entered Level 1 of the Realm of Zot
 79105 | Zot:1    | Reached skill level 5 in Ice Magic
 79181 | Zot:1    | Noticed Tiamat
 79616 | Zot:1    | Reached skill level 10 in Ice Magic
 79825 | Zot:1    | Killed Tiamat
 81115 | Zot:2    | Reached skill level 15 in Ice Magic
 81915 | Zot:3    | Noticed an orb of fire
 81927 | Zot:3    | Killed an orb of fire
 83477 | Zot:5    | Entered Level 5 of the Realm of Zot
 83502 | Zot:5    | Noticed an orb of fire
 83508 | Zot:5    | Killed an orb of fire
 83661 | Zot:5    | Noticed an orb of fire
 83670 | Zot:5    | Killed an orb of fire
 83721 | Zot:5    | Noticed an orb of fire
 83725 | Zot:5    | Killed an orb of fire
 83810 | Zot:5    | Noticed an orb of fire
 83815 | Zot:5    | Killed an orb of fire
 83864 | Zot:5    | Noticed an orb of fire
 83872 | Zot:5    | Killed an orb of fire
 83887 | Zot:5    | Noticed an orb of fire
 83894 | Zot:5    | Killed an orb of fire
 83954 | Zot:5    | Noticed an orb of fire
 83959 | Zot:5    | Killed an orb of fire
 84000 | Zot:5    | Noticed an orb of fire
 84005 | Zot:5    | Killed an orb of fire
 84181 | Zot:5    | Noticed an orb of fire
 84185 | Zot:5    | Killed an orb of fire
 84458 | Hell     | Entered the Vestibule of Hell
 84458 | Hell     | Noticed Geryon
 84464 | Hell     | Reached skill level 1 in Armour
 84464 | Hell     | Killed Geryon
 84482 | Hell     | Reached skill level 15 in Evocations
 84540 | Hell     | Found a gateway to the freezing wastes of Cocytus.
 84618 | Hell     | Found a gateway to the Iron City of Dis.
 84688 | Hell     | Found a gateway to the ashen valley of Gehenna.
 84743 | Hell     | Found a gateway to the decaying netherworld of Tartarus.
 85228 | Tomb:1   | Entered Level 1 of the Tomb of the Ancients
 85410 | Tomb:1   | Reached skill level 5 in Armour
 85739 | Tomb:1   | Noticed a greater mummy
 85742 | Tomb:1   | Noticed a greater mummy
 85748 | Tomb:1   | Killed a greater mummy
 85750 | Tomb:1   | Killed a greater mummy
 86182 | Tomb:2   | Noticed a greater mummy
 86183 | Tomb:2   | Noticed an ancient lich
 86189 | Tomb:2   | Killed a greater mummy
 86196 | Tomb:2   | Noticed a greater mummy
 86196 | Tomb:2   | Noticed a greater mummy
 86198 | Tomb:2   | Killed an ancient lich
 86213 | Tomb:2   | Killed a greater mummy
 86219 | Tomb:2   | Killed a greater mummy
 86387 | Tomb:1   | Noticed a greater mummy
 86387 | Tomb:1   | Noticed a greater mummy
 86387 | Tomb:1   | Noticed a greater mummy
 86388 | Tomb:1   | Noticed a greater mummy
 86390 | Tomb:1   | Killed a greater mummy
 86391 | Tomb:1   | Killed a greater mummy
 86394 | Tomb:1   | Killed a greater mummy
 86397 | Tomb:1   | Noticed a greater mummy
 86397 | Tomb:1   | Killed a greater mummy
 86403 | Tomb:1   | Noticed a greater mummy
 86406 | Tomb:1   | Killed a greater mummy
 86413 | Tomb:1   | Noticed a greater mummy
 86417 | Tomb:1   | Killed a greater mummy
 86425 | Tomb:1   | Noticed a greater mummy
 86426 | Tomb:1   | Noticed a greater mummy
 86430 | Tomb:1   | Killed a greater mummy
 86432 | Tomb:1   | Killed a greater mummy
 86435 | Tomb:1   | Killed a greater mummy
 86639 | Tomb:1   | Noticed a greater mummy
 86644 | Tomb:1   | Killed a greater mummy
 86753 | Tomb:1   | Noticed a greater mummy
 86756 | Tomb:1   | Killed a greater mummy
 86877 | Tomb:3   | Entered Level 3 of the Tomb of the Ancients
 86890 | Tomb:3   | Noticed a greater mummy
 86906 | Tomb:3   | Killed a greater mummy
 86925 | Tomb:3   | Noticed a greater mummy
 86926 | Tomb:3   | Noticed a greater mummy
 86930 | Tomb:3   | Killed a greater mummy
 87122 | Tomb:3   | Noticed an ancient lich
 87123 | Tomb:3   | Killed a greater mummy
 87128 | Tomb:3   | Noticed a greater mummy
 87132 | Tomb:3   | Killed an ancient lich
 87132 | Tomb:3   | Reached skill level 10 in Armour
 87135 | Tomb:3   | Noticed a greater mummy
 87149 | Tomb:3   | Killed a greater mummy
 87160 | Tomb:2   | Killed a greater mummy
 87421 | Tomb:3   | Got a brightly glowing pewter ring
 87422 | Tomb:3   | Identified the ring of Beag {AC+5 Int+4} (You found it on level 3 of the Tomb of the Ancients)
 87583 | Tomb:3   | Noticed a greater mummy
 87586 | Tomb:3   | Killed a greater mummy
 87610 | Tomb:3   | Noticed a greater mummy
 87616 | Tomb:3   | Killed a greater mummy
 87675 | Tomb:3   | Identified the Reference Book on Moulding and Talismans
 87677 | Tomb:3   | Identified the Incunabulum of the Soldier
 87705 | Tomb:3   | Got a vibrating ivory ring
 87802 | Tomb:3   | Got a golden rune of Zot
 88742 | Pan      | Entered Pandemonium
 88798 | Pan      | Noticed Vemued the pandemonium lord
 88941 | Pan      | Killed Vemued the pandemonium lord
 89111 | Pan      | Found a runed door.
 89126 | Pan      | Found a runed door.
 89127 | Pan      | Found a runed door.
 89129 | Pan      | Noticed Syekhoer the pandemonium lord
 89135 | Pan      | Killed Syekhoer the pandemonium lord
 89179 | Pan      | Found a runed door.
 89328 | Pan      | Noticed Qacesiepn the pandemonium lord
 89333 | Pan      | Killed Qacesiepn the pandemonium lord
 89480 | Pan      | Entered the realm of Lom Lobon.
 89714 | Pan      | Noticed Lom Lobon
 89720 | Pan      | Got a magical rune of Zot
 89914 | Pan      | Killed Lom Lobon
 90191 | Pan      | Noticed Pioforun the pandemonium lord
 90199 | Pan      | Killed Pioforun the pandemonium lord
 90474 | Pan      | Entered the realm of Cerebov.
 90511 | Pan      | Noticed Cerebov
 90573 | Pan      | HP: 8/225 [Cerebov/great blast of fire (20)]
 90878 | Pan      | Killed Cerebov
 90920 | Pan      | Identified the Reference Book on the Harmful Compass
 90939 | Pan      | Identified Ihuvacurph's Reference Book on the Ashen Snowflakes
 90993 | Pan      | Got a fiery rune of Zot
 91004 | Pan      | Got a brightly glowing jade amulet
 91019 | Pan      | Identified the ring "Evveona" {Fire *Drain Dex+6} (You found it on level 3 of the Tomb of the Ancients)
 91021 | Pan      | Identified the amulet of Darkness {Faith rElec MR+ Str-5 Dex+8} (You took it off an efreet in Pandemonium)
 91070 | Pan      | Got an ancient pewter ring
 91077 | Pan      | Got a heavily runed brass ring
 91083 | Pan      | Identified the ring "Ronocoic" {rN+ Stlth-} (You took it off a monstrous demonspawn in Pandemonium)
 91084 | Pan      | Identified the ring "Gutweorgh" {rPois Int+6} (You took it off a balrug in Pandemonium)
 91105 | Pan      | Got a flickering copper ring
 91172 | Pan      | Identified the ring of Existentialism {Fire -Tele *Drain Int+3 Dex+6} (You took it off a balrug in Pandemonium)
 91436 | Pan      | Found a glowing silver altar of Zin.
 91737 | Pan      | Noticed a seraph
 91741 | Pan      | Killed a seraph
 91782 | Pan      | Got a pitted tin ring
 91785 | Pan      | Found a glowing golden altar of the Shining One.
 91795 | Pan      | Got a demonic rune of Zot
 91796 | Pan      | Identified the Reference Book on Battle Magic and Ice
 91903 | Depths:3 | Escaped Pandemonium
 91905 | Pan      | Entered Pandemonium
 91932 | Pan      | Entered the realm of Mnoleg.
 91990 | Pan      | Found an exit through the horrors of the Abyss.
 92041 | Pan      | Got a slimy steel ring
 92042 | Pan      | Identified the ring "Bopnol" {Str+3 Stlth+} (You took it off a cherub in Pandemonium)
 92044 | Pan      | Identified the ring of Iduriceg {*Drain +Fly Dex+4 SInv} (You found it in Pandemonium)
 92161 | Pan      | Noticed Mnoleg
 92164 | Pan      | Killed Mnoleg
 92365 | Pan      | Got a glowing rune of Zot
 92492 | Pan      | Entered the realm of Gloorx Vloq.
 92673 | Pan      | Noticed Gloorx Vloq
 92679 | Pan      | Killed Gloorx Vloq
 92738 | Pan      | Got a dark rune of Zot
 92880 | Pan      | Found an exit through the horrors of the Abyss.
 92889 | Pan      | Took an exit into the Abyss.
 92889 | Abyss:1  | Escaped into the Abyss
 93007 | Abyss:1  | Reached skill level 15 in Armour
 94275 | Abyss:4  | Paralysed by accursed screaming for 1 turns
 94382 | Abyss:5  | Entered Level 5 of the Abyss
 94925 | Abyss:5  | Upgraded the game from 0.21-a0-496-g696f58f to 0.21-a0-498-g1b60429
 95152 | Abyss:5  | Found a radiant altar of Vehumet.
 95164 | Depths:3 | Escaped the Abyss
 95193 | Depths:4 | Voluntarily entered the Abyss.
 95255 | Abyss:1  | Got a pair of faintly humming gloves
 95289 | Abyss:2  | Identified the +0 pair of gloves "Haworchy" {Int+4} (You found it on level 1 of the Abyss)
 96242 | Abyss:4  | Found a corrupted altar of Lugonu.
 96323 | Abyss:4  | Found a corrupted altar of Lugonu.
 96541 | Abyss:4  | Reached skill level 5 in Stealth
 96552 | Abyss:4  | Found a corrupted altar of Lugonu.
 96555 | Abyss:4  | Got an abyssal rune of Zot
 96559 | Abyss:5  | Entered Level 5 of the Abyss
 96608 | Depths:4 | Escaped the Abyss
 96633 | Depths:4 | Lost mutation: You have supernaturally acute eyesight. (SInv) [potion of mutation]
 96633 | Depths:4 | Lost mutation: Your natural rate of healing is unusually fast. [potion of mutation]
 96633 | Depths:4 | Lost mutation: Your body sometimes deteriorates upon taking damage. [potion of mutation]
 96633 | Depths:4 | Lost mutation: Your muscles are strong. (Str +2) [potion of mutation]
 96633 | Depths:4 | Gained mutation: You are frail. (-10% HP) [potion of mutation]
 96633 | Depths:4 | Gained mutation: You are agile. (Dex +2) [potion of mutation]
 96634 | Depths:4 | Lost mutation: You are agile. (Dex +2) [potion of mutation]
 96634 | Depths:4 | Lost mutation: You are frail. (-10% HP) [potion of mutation]
 96634 | Depths:4 | Gained mutation: You have large cloven feet. [potion of mutation]
 96634 | Depths:4 | Gained mutation: Your spells are a little harder to cast, but a little more powerful. [potion of mutation]
 96707 | Tar:1    | Entered Level 1 of Tartarus
 97303 | Tar:7    | Entered Level 7 of Tartarus
 97692 | Tar:7    | Noticed Ereshkigal
 97756 | Tar:7    | Got a bone rune of Zot
 97870 | Tar:7    | Killed Ereshkigal
 98029 | Dis:1    | Entered Level 1 of the Iron City of Dis
 99080 | Dis:5    | Reached skill level 10 in Stealth
 99136 | Dis:5    | Got a pair of polished gloves
 99137 | Dis:5    | Identified the +3 pair of gloves of Huegg {Dex+3} (You acquired it on level 5 of the Iron City of Dis)
 99161 | Dis:5    | Found a burning altar of Makhleb.
 99236 | Dis:7    | Entered Level 7 of the Iron City of Dis
 99739 | Dis:7    | Noticed the Serpent of Hell
 99749 | Dis:7    | Killed the Serpent of Hell
100283 | Dis:7    | Noticed Dispater
100301 | Dis:7    | Killed Dispater
100340 | Dis:7    | Got an iron rune of Zot
100711 | Geh:1    | Entered Level 1 of Gehenna
100720 | Geh:1    | You fall through a shaft!
101233 | Geh:7    | Entered Level 7 of Gehenna
101779 | Geh:7    | Found the +3 giant club "Skullcrusher" {speed, Str+7}
101783 | Geh:7    | Got a translucent bone amulet
101784 | Geh:7    | Identified the amulet "Xuarph" {Reflect MR+ SH+4} (You found it on level 7 of Gehenna)
101791 | Geh:7    | Got a wavering copper ring
101792 | Geh:7    | Identified the ring "Leved" {*Slow +Fly rF+ Dex+4} (You found it on level 7 of Gehenna)
101801 | Geh:7    | Identified the Compendium of Talismans
102046 | Geh:7    | Noticed Asmodeus
102055 | Geh:7    | Killed Asmodeus
102109 | Geh:7    | Got an obsidian rune of Zot
102342 | Coc:1    | Entered Level 1 of Cocytus
102485 | Coc:7    | Entered Level 7 of Cocytus
102715 | Coc:7    | Noticed Antaeus
102751 | Coc:7    | Killed Antaeus
102794 | Coc:7    | Got an icy rune of Zot
103294 | Zot:5    | Lost mutation: Your spells are a little harder to cast, but a little more powerful. [a Zot trap]
103339 | Zot:5    | Got the Orb of Zot
103401 | Zot:5    | Noticed a seraph
104091 | D:$      | Escaped with the Orb!

Vault maps used:
D:1:      dpeg_arrival_boxes_within_box, minmay_strange_pillars
D:2:      first_bread
D:3:      marbit_many_paths, minivault_14, minmay_vboxes
D:5:      nicolae_ru_awakened_eye, minmay_temple_entry_glassed_door,
          uniq_eustachio
D:6:      fedhas_bush_and_centaur_altar, amethyst_overflow_temple_binary,
          kiku_gazebo_garden_becter, serial_shops, shop, okawaru_gym_becter,
          uniq_grinder
D:7:      old_standard_altar, grunt_ogre_cave, uniq_joseph
D:8:      nicolae_ossuary_entry_ruins, guppyfry_early_elven_hall
D:9:      lemuel_blue_sif_altar, david_lair_shrubbed, orc_david_3, serial_glass,
          glass_columns_c, glass_columns_a, glass_columns_b, glass_columns_a,
          glass_columns_b, glass_columns_b
D:10:     serial_shops, nicolae_shop_behind_doors, shop, shop, uniq_psyche,
          uniq_erolcha, uniq_josephine, uniq_snorg
D:11:     portal_ice_cave_entry_ice_beasts
D:12:     minmay_the_grid_square_5x5_3x3
D:13:     item_on_display_a, uniq_sonja, uniq_rupert
D:14:     grunt_vaults_entry_tiered, hangedman_incinerator, uniq_louise,
          uniq_nessos, uniq_urug
D:15:     grunt_enter_depths_hoard, serial_park_tiny_2
Temple:   dpeg_chambers_temple
Lair:1:   kb_forest_paths, st_stairs_3, disabler_island
Lair:2:   nicolae_swamp_entry_splash_gauntlet, hangedman_lair_unloving_vines,
          beast_lair_carwin_9, grunt_megastairs_5, uniq_gastronok
Lair:3:   guppyfry_snake_entry_island
Lair:5:   statuecave_lemuel, slime_altar_1, ldierk_geyser
Lair:6:   gammafunk_lair_ancient_temple, ldierk_geyser,
          infiniplex_staircase_pool
Swamp:1:  evilmike_swamp_ruin_house_3
Swamp:2:  evilmike_swamp_ruin_rubble_2, nicolae_swamp_baby_hydras
Swamp:3:  evilmike_swamp_ruin_house_5, swamp_pool4
Swamp:4:  swamp_old_school
Snake:1:  uniq_aizul, uniq_frances
Snake:2:  lemuel_fruit_tree, uniq_vashnia
Snake:3:  abandoned_shop
Snake:4:  grunt_snake_rune_spirals, basic_altar, uniq_roxanne
Slime:4:  nicolae_slime_round_cave
Orc:1:    basic_altar, mumra_transporter_accident
Orc:2:    st_orc_open
Elf:1:    elf_arrival_001, serial_shops, shop, minivault_28,
          lemuel_statue_altar, uniq_agnes
Elf:2:    portal_desolation_entry_nicolae_slug
Elf:3:    minmay_elf_hall_spiked
Vaults:1: ontoclasm_vaults_chip, v_pattern_3, vaults_room_door_hall,
          hangedman_vaults_snaps, v_misc_19, nicolae_vaults_triangles,
          vaults_standard_mumra_enter_the_diamond, v_misc_23,
          nicolae_vaults_little_squares_3, ontoclasm_vaults_decontamination,
          serial_shops, nicolae_shop_trees
Vaults:2: hangedman_vaults_impose, nicolae_vaults_big_ls, vaults_dpeg_diagonal,
          v_misc_33, vaults_room_ringed_pool, nicolae_vaults_alarming,
          nicolae_vaults_three_branches, ontoclasm_vaults_eye,
          nicolae_vaults_shelves_hall, grunt_vaults_trifunnel, uniq_frederick
Vaults:3: vaults_room_stairs_pillars, minmay_crypt_entry_necro_gods,
          v_alt_pattern_2, v_pattern_2, v_misc_19, ontoclasm_vaults_tryst,
          nicolae_vaults_display_case, v_misc_17, v_misc_15,
          vaults_room_large_hall, v_misc_28, nicolae_vaults_little_squares_2,
          ontoclasm_vaults_chip
Vaults:4: nicolae_vaults_inception_statues, vaults_room_grid, v_misc_23,
          nicolae_vaults_network_square, nicolae_vaults_twisting_passages,
          hangedman_vaults_pinch, vaults_mumra_minichess_inversion,
          nicolae_vaults_border_crossing,
          nicolae_vaults_windows_and_doors_thing, vaults_room_semicircle,
          nicolae_vaults_specimen_jars, vaults_room_semicircle,
          nicolae_vaults_theta, nicolae_vaults_rhombus_5
Vaults:5: uniq_saint_roka
Crypt:1:  uniq_boris
Crypt:2:  uniq_sojobo, uniq_jory, uniq_khufu
Crypt:3:  lightli_unholy_cathedral, tomb_entry_forgotten_bobbens, uniq_margery
Depths:1: kennysheep_blocky_room, grunt_hell_entry_dis_old,
          statue_in_the_mist_lemuel, nicolae_alphabet_shops, kennysheep_potato,
          uniq_nikola
Depths:2: minmay_shoctagon, enter_ziggurat_d, serial_sigils_hangedman_gnaw,
          hell_entry, serial_shops, kennysheep_little_box
Depths:3: nooodl_glass_maze, hell_entry, pan_entry, roderic_serpentine_path
Depths:4: grunt_twisty_corner, nemelex_xobeh_ov_fountains_minmay, abyss_entry,
          pf_vacation_house_of_asmodeus, guppyfry_shop_venom
Depths:5: evilmike_zot_entry_diamond, grunt_hell_horde, solitary_fountain
Dis:1:    nicolae_dis_hell_towers, grunt_megastairs_3
Dis:4:    hangedman_dis_monolith
Dis:5:    kennysheep_iron_temple
Dis:6:    evilmike_ambush, lemuel_elevator
Dis:7:    iron_city_of_dis
Geh:3:    lemuel_old_faithful
Geh:7:    evilmike_geh
Coc:3:    special_room
Coc:7:    coc_dpeg
Tar:1:    nicolae_tar_cuneiform_city
Tar:3:    hangedman_mysterious_dungeon_monster_house
Tar:5:    nicolae_tar_cuneiform_heaven, hangedman_restless_catacombs
Tar:7:    tar_mu
Zot:1:    uniq_tiamat
Zot:2:    hangedman_zot_spectrum
Zot:3:    nzn_random_ring
Zot:4:    hangedman_orp_of_zott, nicolae_lava_and_water
Zot:5:    st_stairs_4
Abyss:2:  guppyfry_abyss_exit_spiral_guarded, evilmike_abyss_exit_plants
Abyss:3:  doesnt_abyss_rune_brain_food, doesnt_abyss_rune_brain_food,
          evilmike_abyss_exit_3, bh_abyss_xom_lugonu_altar,
          dshaligram_kb_abyss_rune_zappy_water_cross
Abyss:4:  evilmike_abyss_exit_mutagenic, abyss_greek_temple,
          evilmike_abyss_exit_kraken, hangedman_abyss_shoalhut
Abyss:5:  evilmike_abyss_exit_10, evilmike_abyss_rune_elephants_shrine,
          evilmike_abyss_exit_chaos, hangedman_cross_veins,
          evilmike_abyss_exit_9, hangedman_decor_peaks_small
Pan:      nicolae_pan_diamonds, pan_disco_hall, pan_blood_fountain_small,
          rand_demon_7, evilmike_mini_pan_thingy, nicolae_pan_sick_transit,
          lom_lobon_grunt, nicolae_pan_glass_arcs, cerebov_grunt,
          evilmike_holy_pan, grunt_pan_zigzag, pan_blood_fountain,
          pan_blood_fountain_small, nicolae_pan_cerebovesque_1,
          pan_captured_pigsty, rand_demon_5, evilmike_mnoleg_eyes,
          gloorx_vloq_grunt, pan_blood_fountain
Zig:1:    ziggurat_pillar_centre_c
Zig:11:   ziggurat_pillar_centre_dead_trees
Ossuary:  ossuary_the_hunt_dpeg
IceCv:    ice_cave_statue_garden_teleport

Skill      XL: |  1  2  3  4  5  6  7  8  9 10 11 12 13 14 15 16 17 18 19 20 21 22 23 24 25 26 27 |
---------------+----------------------------------------------------------------------------------+-----
Spellcasting   | 3 5 6 7 8 9 10 11 12 13 14 15 16 17 23 | 23.7
Conjurations   | 5 6 7 9 10 11 12 13 14 15 16 17 18 19 25 | 25.5
Dodging        | 4 5 6 8 9 10 11 12 13 14 15 16 24 | 24.5
Fighting       | 3 5 7 8 10 12 14 15 16 17 18 25 | 25.5
Air Magic      | 3 5 6 7 9 10 11 12 13 14 15 17 20 22 23 | 23.2
Shields        | 2 6 |  6.0
Evocations     | 7 10 13 14 22 | 22.4
Necromancy     | 6 13 17 | 17.7
Transmutations | 5 11 15 | 15.2
Ice Magic      | 23 | 23.7
Armour         | 17 | 17.2
Stealth        | 14 | 14.9

Action                   |  1- 3 |  4- 6 |  7- 9 | 10-12 | 13-15 | 16-18 | 19-21 | 22-24 | 25-27 || total
-------------------------+-------+-------+-------+-------+-------+-------+-------+-------+-------++-------
Melee: Dagger            |    47 |    11 |    86 |   198 |       |       |       |       |       ||   342
       Unarmed           |     9 |       |       |       |       |       |       |       |       ||     9
       Headbutt          |     2 |     1 |    11 |    52 |    36 |    54 |    93 |     8 |    45 ||   302
       Mace              |       |       |       |    36 |   151 |   207 |    56 |       |       ||   450
       Staff             |       |       |       |       |       |       |   266 |    50 |   227 ||   543
Throw: Throwing net      |       |       |       |     2 |       |       |       |       |       ||     2
 Cast: Magic Dart        |    90 |   114 |   311 |   374 |   679 |   312 |    41 |     1 |       ||  1922
       Searing Ray       |     2 |     8 |    25 |    19 |       |       |       |       |       ||    54
       Iskenderun's Myst |       |     3 |    12 |    74 |    24 |    18 |       |     1 |       ||   132
       Lightning Bolt    |       |       |       |    45 |    99 |   195 |   364 |    37 |     1 ||   741
       Airstrike         |       |       |       |     2 |    51 |    54 |    39 |    30 |    28 ||   204
       Static Discharge  |       |       |       |       |    36 |    43 |       |       |       ||    79
       Orb of Destructio |       |       |       |       |     2 |    34 |    17 |    16 |    93 ||   162
       Iskenderun's Batt |       |       |       |       |     2 |    31 |     1 |       |       ||    34
       Regeneration      |       |       |       |       |       |     2 |       |       |    60 ||    62
       Chain Lightning   |       |       |       |       |       |     4 |   143 |   318 |   425 ||   890
       Deflect Missiles  |       |       |       |       |       |     3 |     2 |     7 |    10 ||    22
       Tornado           |       |       |       |       |       |       |       |    17 |   475 ||   492
       Glaciate          |       |       |       |       |       |       |       |       |   697 ||   697
       Necromutation     |       |       |       |       |       |       |       |       |   261 ||   261
       Blink             |       |       |       |       |       |       |       |       |     3 ||     3
       Apportation       |       |       |       |       |       |       |       |       |     2 ||     2
 Abil: End Transformatio |       |       |       |       |       |       |       |       |    12 ||    12
Evoke: Wand              |       |       |     4 |     6 |     5 |     6 |     4 |     1 |    19 ||    45
       Sack of spiders   |       |       |       |       |       |     1 |       |       |       ||     1
       Box of beasts     |       |       |       |       |       |     3 |       |       |       ||     3
       Staff of energy   |       |       |       |       |       |       |   100 |   398 |  4300 ||  4798
       Fan of gales      |       |       |       |       |       |       |       |       |     1 ||     1
  Use: Scroll            |       |     9 |     9 |     8 |     5 |    10 |     9 |     8 |    63 ||   121
       Potion            |       |     4 |     3 |     5 |     1 |       |     2 |       |    19 ||    34
 Stab: Held in net/web   |       |       |     1 |       |       |       |       |       |       ||     1
       Confused          |       |       |       |     2 |       |       |       |       |       ||     2
       Invisible         |       |       |       |     3 |       |       |       |       |       ||     3
       Distracted        |       |       |       |       |       |     2 |       |       |       ||     2
       Betrayed ally     |       |       |       |       |       |     1 |       |       |       ||     1
       Sleeping          |       |       |       |       |       |       |       |       |     1 ||     1
  Eat: Chunk             |     5 |     2 |     9 |    11 |    32 |    28 |    41 |    27 |    10 ||   165
       Bread ration      |       |     1 |     2 |     4 |     1 |     2 |     4 |     2 |     4 ||    20
       Meat ration       |       |     1 |       |     1 |     2 |     1 |     5 |     3 |     5 ||    18
       Royal jelly       |       |       |     1 |     1 |     2 |     4 |     3 |     2 |     7 ||    20
       Fruit             |       |       |       |       |     1 |     7 |    14 |     5 |    15 ||    42
Armor: Robe              |    19 |    17 |    59 |    58 |    85 |    74 |   148 |   166 |   570 ||  1196
       Troll leather arm |       |       |       |    14 |       |       |       |       |       ||    14
Dodge: Dodged            |    45 |    38 |   145 |   366 |   449 |   415 |   490 |   447 |  2197 ||  4592
       Deflected         |       |       |       |       |       |    14 |    71 |    37 |   143 ||   265
Block: Buckler           |       |       |       |    10 |   205 |   186 |   204 |   141 |   784 ||  1530
       Reflection        |       |       |       |     1 |    15 |    25 |    37 |    18 |       ||    96

Table legend:
 A = Spawn XP
 B = Non-spawn XP
 C = Spawn XP percentage of total XP
 D = Spawn monster count
 E = Non-spawn monster count
 F = Spawn count percentage of total count
 G = Total turns spent on level
                    A         B        C        D         E        F      G
               +---------+---------+-------+---------+---------+-------+---------
         Total |  283206 | 4210283 |   6.3 |     442 |    5006 |   8.1 | 104091
               +---------+---------+-------+---------+---------+-------+---------
           D:1 |       0 |      52 |   0.0 |       0 |      28 |   0.0 |  1613
           D:2 |       0 |      67 |   0.0 |       0 |      21 |   0.0 |  1249
           D:3 |       0 |     139 |   0.0 |       0 |      29 |   0.0 |  1680
           D:4 |       0 |     591 |   0.0 |       0 |      20 |   0.0 |   955
           D:5 |       0 |    1086 |   0.0 |       0 |      33 |   0.0 |  1502
           D:6 |       0 |    1017 |   0.0 |       0 |      17 |   0.0 |  1287
           D:7 |       0 |     283 |   0.0 |       0 |      11 |   0.0 |   538
           D:8 |       0 |    2626 |   0.0 |       0 |      16 |   0.0 |   840
           D:9 |       0 |    1657 |   0.0 |       0 |      26 |   0.0 |  1726
          D:10 |       0 |    9161 |   0.0 |       0 |      47 |   0.0 |  2539
          D:11 |       0 |    5909 |   0.0 |       0 |      56 |   0.0 |  1513
          D:12 |       0 |    8613 |   0.0 |       0 |      39 |   0.0 |  1914
          D:13 |       0 |   15216 |   0.0 |       0 |      32 |   0.0 |  1289
          D:14 |       0 |   24339 |   0.0 |       0 |      60 |   0.0 |  2366
          D:15 |       0 |    9752 |   0.0 |       0 |      31 |   0.0 |  1292
        Lair:1 |       0 |    5421 |   0.0 |       0 |      27 |   0.0 |  1166
        Lair:2 |       0 |    7492 |   0.0 |       0 |      28 |   0.0 |  1559
        Lair:3 |       0 |    5887 |   0.0 |       0 |      22 |   0.0 |   907
        Lair:4 |       0 |    2818 |   0.0 |       0 |      15 |   0.0 |   704
        Lair:5 |       0 |    3079 |   0.0 |       0 |      16 |   0.0 |  1425
        Lair:6 |       0 |   18274 |   0.0 |       0 |      52 |   0.0 |  1575
       Swamp:1 |       0 |    9829 |   0.0 |       0 |      25 |   0.0 |   810
       Swamp:2 |       0 |    7963 |   0.0 |       0 |      16 |   0.0 |   640
       Swamp:3 |       0 |   17728 |   0.0 |       0 |      37 |   0.0 |  1810
       Swamp:4 |       0 |   24602 |   0.0 |       0 |      43 |   0.0 |   914
       Snake:1 |       0 |   27286 |   0.0 |       0 |      52 |   0.0 |  1823
       Snake:2 |       0 |   18844 |   0.0 |       0 |      24 |   0.0 |  1508
       Snake:3 |       0 |   26781 |   0.0 |       0 |      48 |   0.0 |  2940
       Snake:4 |       0 |  100661 |   0.0 |       0 |     155 |   0.0 |  5042
       Slime:1 |       0 |    1624 |   0.0 |       0 |       6 |   0.0 |    34
       Slime:2 |       0 |     820 |   0.0 |       0 |       3 |   0.0 |    46
       Slime:3 |       0 |   19113 |   0.0 |       0 |      29 |   0.0 |   154
       Slime:4 |       0 |   20649 |   0.0 |       0 |      32 |   0.0 |   380
       Slime:5 |       0 |   45809 |   0.0 |       0 |      53 |   0.0 |   251
         Orc:1 |       0 |    7211 |   0.0 |       0 |      42 |   0.0 |  1190
         Orc:2 |       0 |   14099 |   0.0 |       0 |      65 |   0.0 |   697
         Elf:1 |       0 |   22198 |   0.0 |       0 |      33 |   0.0 |  1289
         Elf:2 |       0 |   27617 |   0.0 |       0 |      43 |   0.0 |  1569
         Elf:3 |       0 |   60353 |   0.0 |       0 |      53 |   0.0 |  2333
      Vaults:1 |       0 |   43441 |   0.0 |       0 |      68 |   0.0 |  1783
      Vaults:2 |       0 |   55193 |   0.0 |       0 |      72 |   0.0 |  2487
      Vaults:3 |       0 |   32272 |   0.0 |       0 |      46 |   0.0 |  2161
      Vaults:4 |       0 |   79685 |   0.0 |       0 |     114 |   0.0 |  3140
      Vaults:5 |       0 |  178845 |   0.0 |       0 |     166 |   0.0 |  1348
       Crypt:1 |       0 |   30928 |   0.0 |       0 |      43 |   0.0 |   876
       Crypt:2 |       0 |   56064 |   0.0 |       0 |      40 |   0.0 |  1133
       Crypt:3 |       0 |   84541 |   0.0 |       0 |      90 |   0.0 |  1220
        Tomb:1 |       0 |  115641 |   0.0 |       0 |      76 |   0.0 |  1494
        Tomb:2 |       0 |   70246 |   0.0 |       0 |      68 |   0.0 |   712
        Tomb:3 |       0 |  107322 |   0.0 |       0 |     106 |   0.0 |   584
      Depths:1 |       0 |   34416 |   0.0 |       0 |      42 |   0.0 |  1242
      Depths:2 |       0 |   24741 |   0.0 |       0 |      25 |   0.0 |  1933
      Depths:3 |     166 |   52159 |   0.3 |       1 |      54 |   1.8 |  2146
      Depths:4 |     179 |  140588 |   0.1 |       1 |     136 |   0.7 |  1660
      Depths:5 |       0 |   59685 |   0.0 |       0 |      63 |   0.0 |  1529
          Hell |       0 |   59861 |   0.0 |       0 |      88 |   0.0 |   837
         Dis:1 |       0 |   45466 |   0.0 |       0 |      86 |   0.0 |   373
         Dis:2 |       0 |   16130 |   0.0 |       0 |      35 |   0.0 |   208
         Dis:5 |       0 |   74424 |   0.0 |       0 |     108 |   0.0 |   599
         Dis:6 |       0 |     448 |   0.0 |       0 |       1 |   0.0 |     9
         Dis:7 |       0 |  158763 |   0.0 |       0 |     129 |   0.0 |  1207
         Geh:2 |       0 |   13314 |   0.0 |       0 |      29 |   0.0 |   120
         Geh:3 |       0 |   23048 |   0.0 |       0 |      35 |   0.0 |    91
         Geh:4 |       0 |   32062 |   0.0 |       0 |      47 |   0.0 |    72
         Geh:5 |       0 |    4423 |   0.0 |       0 |      10 |   0.0 |    29
         Geh:6 |       0 |   14567 |   0.0 |       0 |      24 |   0.0 |   201
         Geh:7 |       0 |  135931 |   0.0 |       0 |     128 |   0.0 |  1025
         Coc:1 |       0 |    8927 |   0.0 |       0 |      10 |   0.0 |    48
         Coc:4 |       0 |     234 |   0.0 |       0 |       1 |   0.0 |    20
         Coc:5 |       0 |    6416 |   0.0 |       0 |      16 |   0.0 |    39
         Coc:6 |       0 |     319 |   0.0 |       0 |       1 |   0.0 |    20
         Coc:7 |       0 |   93641 |   0.0 |       0 |      90 |   0.0 |   404
         Tar:1 |       0 |   22010 |   0.0 |       0 |      35 |   0.0 |    74
         Tar:3 |       0 |    9367 |   0.0 |       0 |      23 |   0.0 |   141
         Tar:4 |       0 |   13502 |   0.0 |       0 |      12 |   0.0 |    57
         Tar:5 |       0 |   20513 |   0.0 |       0 |      17 |   0.0 |    46
         Tar:6 |       0 |   35117 |   0.0 |       0 |      53 |   0.0 |   271
         Tar:7 |       0 |   75727 |   0.0 |       0 |      53 |   0.0 |   661
         Zot:1 |       0 |  109736 |   0.0 |       0 |      69 |   0.0 |  1348
         Zot:2 |       0 |   96430 |   0.0 |       0 |      63 |   0.0 |  1160
         Zot:3 |       0 |  103315 |   0.0 |       0 |      54 |   0.0 |   904
         Zot:4 |       0 |   94814 |   0.0 |       0 |      75 |   0.0 |  1257
         Zot:5 |       0 |  255998 |   0.0 |       0 |      89 |   0.0 |   923
       Abyss:1 |   38877 |   42308 |  47.9 |      44 |      63 |  41.1 |   760
       Abyss:2 |    7161 |    6244 |  53.4 |      16 |       8 |  66.7 |   295
       Abyss:3 |   44098 |   58969 |  42.8 |      79 |     120 |  39.7 |  1449
       Abyss:4 |   64322 |   69423 |  48.1 |     125 |     106 |  54.1 |   815
       Abyss:5 |   74357 |   36959 |  66.8 |     106 |      57 |  65.0 |   831
           Pan |   54046 |  367378 |  12.8 |      70 |     281 |  19.9 |  4145
         Zig:1 |       0 |    1260 |   0.0 |       0 |       2 |   0.0 |   148
         Zig:2 |       0 |    2877 |   0.0 |       0 |       3 |   0.0 |    22
         Zig:3 |       0 |    4389 |   0.0 |       0 |       3 |   0.0 |    44
         Zig:4 |       0 |    7163 |   0.0 |       0 |       5 |   0.0 |    65
         Zig:5 |       0 |   10878 |   0.0 |       0 |       6 |   0.0 |    47
         Zig:6 |       0 |    8012 |   0.0 |       0 |       8 |   0.0 |    53
         Zig:7 |       0 |   10763 |   0.0 |       0 |      10 |   0.0 |    44
         Zig:8 |       0 |   26735 |   0.0 |       0 |       7 |   0.0 |    83
         Zig:9 |       0 |   17763 |   0.0 |       0 |      14 |   0.0 |    59
        Zig:10 |       0 |   15957 |   0.0 |       0 |      19 |   0.0 |    68
        Zig:11 |       0 |   31302 |   0.0 |       0 |      15 |   0.0 |    80
        Zig:12 |       0 |   37290 |   0.0 |       0 |      28 |   0.0 |   223
        Zig:13 |       0 |   24241 |   0.0 |       0 |      26 |   0.0 |   203
        Zig:14 |       0 |   38019 |   0.0 |       0 |      39 |   0.0 |   194
        Zig:15 |       0 |   44437 |   0.0 |       0 |      26 |   0.0 |   173
        Zig:16 |       0 |   27336 |   0.0 |       0 |      62 |   0.0 |   182
       Ossuary |       0 |     562 |   0.0 |       0 |      15 |   0.0 |   589
         IceCv |       0 |    1307 |   0.0 |       0 |       7 |   0.0 |   257
    Desolation |       0 |   51775 |   0.0 |       0 |     101 |   0.0 |  2338
               +---------+---------+-------+---------+---------+-------+---------
